Map: Romanticide LE

Players

GunGFuBanDa - Winner!

  • Race: Protoss Protoss

Krystianer

  • Race: Protoss Protoss

Event: DreamHack SC2 Masters 2021 Fall

VOD

Have the link to the VOD?

Description

Time

  • Played on: July 28, 2021, 12:18 p.m.
  • Length: 19:34

All games in this series

Show
View Real Time Build Order
Export as new Build Order

GunGFuBanDa Protoss - Winner!

Build Orders: Blink Stalkers 

Get SALT Encoding   

  12  0:00  Probe  
  13  0:12  Probe  
  14  0:17  Pylon  
  14  0:24  Probe (Chrono Boost)  
  16  0:37  Probe (Chrono Boost)  
  16  0:38  Gateway  
  16  0:43  Probe (Chrono Boost)  
  16  0:46  Assimilator  
  17  0:51  Probe  
  17  0:55  Assimilator  
  18  1:03  Probe (Chrono Boost)  
  19  1:09  Gateway  
  19  1:13  Probe (Chrono Boost)  
  20  1:18  Probe  
  20  1:25  Cybernetics Core  
  21  1:30  Probe  
  22  1:35  Pylon  
  22  1:42  Probe  
  23  1:55  Probe  
  24  2:02  Sentry, Stalker  
  24  2:03  Warp Gate  
  24  2:07  Probe  
  29  2:13  Pylon  
  29  2:19  Pylon  
  29  2:29  Probe  
  30  2:41  Nexus  
  30  2:44  Stalker  
  30  2:48  Sentry  
  33  2:54  Shield Battery  
  33  2:57  Probe  
  34  3:09  Probe  
  35  3:18  Twilight Council  
  35  3:21  Probe  
  36  3:29  Pylon  
  36  3:30  Shield Battery  
  36  3:33  Probe  
  37  3:42  Shield Battery  
  37  3:44  Blink (Chrono Boost)  
  37  3:46  Probe  
  38  3:53  Stalker x2  
  38  3:54  Probe  
  43  4:01  Probe  
  45  4:16  Stalker x2  
  49  4:18  Shield Battery  
  47  4:32  Probe (Chrono Boost)  
  47  4:34  Probe (Chrono Boost)  
  49  4:39  Stalker x2  
  49  4:45  Probe (Chrono Boost)  
  55  4:48  Probe (Chrono Boost)  
  55  4:52  Pylon  
  56  4:53  Probe (Chrono Boost)  
  56  4:54  Pylon  
  56  4:56  Probe (Chrono Boost)  
  58  5:01  Probe (Chrono Boost)  
  58  5:03  Probe (Chrono Boost)  
  59  5:10  Forge, Sentry  
  59  5:11  Probe (Chrono Boost)  
  63  5:16  Robotics Facility, Probe (Chrono Boost)  
  63  5:17  Shield Battery, Probe (Chrono Boost)  
  64  5:23  Pylon  
  64  5:24  Probe  
  64  5:28  Probe  
  66  5:29  Pylon  
  66  5:37  Assimilator  
  66  5:39  Pylon  
  66  5:44  Nexus  
  66  5:47  Protoss Ground Weapons Level 1 (Chrono Boost)  
  65  6:04  Observer (Chrono Boost), Stalker x2  
  68  6:11  Probe (Chrono Boost)  
  68  6:12  Probe (Chrono Boost)  
  67  6:20  Charge (Chrono Boost)  
  67  6:21  Warp Prism (Chrono Boost)  
  67  6:23  Probe (Chrono Boost)  
  71  6:29  Probe (Chrono Boost)  
  71  6:30  Adept x2  
  71  6:32  Probe (Chrono Boost)  
  76  6:36  Probe (Chrono Boost)  
  76  6:38  Gateway x2, Probe  
  78  6:47  Gateway  
  78  6:48  Probe  
  78  6:50  Gateway, Probe  
  80  7:02  Zealot x2  
  80  7:06  Probe  
  80  7:07  Probe  
  80  7:19  Probe  
  76  7:24  Probe x2  
  76  7:29  Zealot x2  
  80  7:31  Probe  
  80  7:35  Immortal (Chrono Boost)  
  80  7:36  Probe  
  86  7:43  Probe  
  85  7:49  Protoss Ground Weapons Level 2 (Chrono Boost)  
  85  7:52  Zealot x4  
  85  7:54  Probe  
  85  7:56  Probe  
  91  7:59  Shield Battery  
  91  8:02  Templar Archives  
  91  8:05  Immortal (Chrono Boost)  
  91  8:07  Zealot x2  
  91  8:11  Shield Battery x2  
  98  8:13  Assimilator  
  98  8:15  Zealot x4  
  106  8:22  Pylon  
  106  8:24  Gateway  
  106  8:26  Gateway  
  106  8:27  Photon Cannon  
  106  8:39  Observer (Chrono Boost), High Templar  
  109  8:46  High Templar  
  109  8:47  Zealot x3  
  117  8:50  Assimilator  
  117  8:54  Assimilator  
  117  8:55  Archon  
  117  8:56  Robotics Bay  
  117  9:09  Probe x2  
  117  9:12  Pylon  
  117  9:14  Shield Battery x2  
  117  9:20  Pylon  
  117  9:21  Pylon  
  117  9:23  Pylon  
  117  9:38  High Templar x2  
  119  9:43  Archon  
  119  9:44  Photon Cannon, Zealot x4, Stalker x2  
  131  9:48  Photon Cannon  
  115  10:06  Disruptor (Chrono Boost)  
  115  10:07  Zealot x2  
  115  10:08  Zealot x4  
  115  10:13  Protoss Ground Weapons Level 3 (Chrono Boost), Probe  
  126  10:19  Probe x2  
  128  10:27  Photon Cannon  
  128  10:28  Nexus  
  128  10:34  Disruptor (Chrono Boost), Shield Battery  
  131  10:38  Pylon  
  131  10:47  Pylon  
  131  10:50  Dark Shrine  
  131  10:51  Zealot x3  
  135  10:57  Pylon  
  135  11:04  Disruptor (Chrono Boost)  
  133  11:09  Stalker x5  
  144  11:13  Probe  
  133  11:28  Stalker x2  
  133  11:29  Stalker  
  133  11:30  Probe  
  133  11:31  Probe x2  
  133  11:32  Disruptor (Chrono Boost)  
  142  11:38  Stalker x2  
  142  11:39  Shield Battery, Stalker x3  
  155  11:41  Shield Battery  
  126  12:01  Disruptor (Chrono Boost)  
  119  12:15  Stalker x2  
  119  12:16  Stalker x6  
  135  12:26  Nexus  
  135  12:32  Disruptor (Chrono Boost)  
  134  12:49  Stalker x6  
  134  12:50  Zealot x2  
  149  13:04  Pylon, Probe  
  149  13:05  Observer (Chrono Boost)  
  147  13:23  Observer  
  147  13:25  Protoss Shields Level 1 (Chrono Boost)  
  147  13:26  Photon Cannon  
  148  13:28  Shield Battery, Zealot x3  
  148  13:29  Zealot x5  
  164  13:34  Pylon x2  
  164  13:37  Pylon  
  164  13:48  Disruptor  
  142  14:12  Stalker  
  142  14:13  Stalker x7, Probe  
  142  14:14  Probe  
  121  14:32  Probe x2  
  121  14:33  Probe  
  124  14:40  High Templar x7  
  124  14:43  Nexus  
  124  14:45  Assimilator, Observer, Archon x3  
  138  14:47  High Templar  
  140  14:53  Disruptor (Chrono Boost), Archon  
  140  14:57  Photon Cannon  
  140  14:59  Observer  
  143  15:06  Pylon  
  143  15:17  Shadow Stride (Chrono Boost)  
  143  15:21  Disruptor (Chrono Boost)  
  143  15:22  Zealot x5  
  143  15:23  Zealot x3  
  143  15:28  Robotics Facility  
  160  15:41  Probe  
  161  15:44  Photon Cannon  
  161  15:45  Shield Battery  
  161  15:47  Dark Templar x3  
  157  15:58  Zealot x5  
  167  16:11  Pylon  
  167  16:12  Pylon  
  132  16:26  Stalker x5  
  132  16:31  Shield Battery  
  132  16:32  Protoss Shields Level 2 (Chrono Boost), Disruptor x2 (Chrono Boost)  
  145  16:49  Dark Templar  
  147  16:54  Photon Cannon  
  147  16:57  Photon Cannon  
  147  16:59  Assimilator  
  147  17:02  Assimilator  
  147  17:12  Zealot x7  
  159  17:21  Disruptor x2 (Chrono Boost)  
  163  17:36  Observer  
  161  17:45  Stalker x4  
  161  17:48  Nexus  
  169  17:54  Disruptor x2 (Chrono Boost)  
  166  18:13  Stalker x4  
  166  18:14  Zealot x4  
  140  18:35  Zealot x4  
  126  18:57  Stalker x3  
  126  18:58  Stalker x5  
  126  18:59  Probe (Chrono Boost)  
  126  19:00  Pylon, Observer  
  147  19:04  Assimilator, Probe (Chrono Boost)  
  147  19:05  Stargate  
  147  19:06  Assimilator  
  147  19:07  Probe x3 (Chrono Boost)  
  153  19:11  Photon Cannon  
  153  19:21  Photon Cannon  
  153  19:23  Photon Cannon  
Show
View Real Time Build Order
Export as new Build Order

Krystianer Protoss 

Build Orders: Archon Immortal 

Get SALT Encoding   

  12  0:00  Probe  
  13  0:12  Probe  
  14  0:17  Pylon  
  14  0:24  Probe (Chrono Boost)  
  15  0:36  Probe (Chrono Boost)  
  15  0:37  Gateway  
  16  0:44  Probe (Chrono Boost)  
  16  0:46  Assimilator  
  17  0:50  Probe  
  18  1:03  Probe (Chrono Boost)  
  19  1:04  Assimilator  
  19  1:14  Probe (Chrono Boost)  
  20  1:18  Gateway  
  20  1:19  Probe (Chrono Boost)  
  21  1:26  Cybernetics Core  
  21  1:31  Probe  
  22  1:40  Pylon  
  22  1:43  Probe  
  23  1:58  Probe  
  24  2:02  Warp Gate (Chrono Boost)  
  24  2:05  Adept x2  
  28  2:14  Pylon  
  28  2:35  Adept x2  
  32  2:45  Nexus  
  32  3:03  Probe  
  32  3:05  Adept x2  
  37  3:15  Probe  
  37  3:18  Pylon  
  38  3:25  Shield Battery  
  38  3:27  Probe  
  38  3:30  Robotics Facility  
  39  3:40  Probe (Chrono Boost)  
  40  3:45  Adept x2  
  44  3:52  Probe (Chrono Boost)  
  45  3:59  Probe (Chrono Boost)  
  45  4:01  Probe (Chrono Boost)  
  47  4:05  Sentry x2  
  47  4:06  Probe (Chrono Boost)  
  47  4:09  Probe (Chrono Boost)  
  53  4:10  Pylon  
  53  4:11  Probe (Chrono Boost)  
  54  4:17  Observer  
  54  4:18  Probe  
  54  4:23  Probe  
  55  4:30  Probe  
  56  4:35  Probe  
  55  4:38  Shield Battery, Immortal (Chrono Boost)  
  55  4:42  Probe  
  55  4:44  Assimilator  
  60  4:51  Twilight Council, Forge  
  60  4:54  Probe  
  60  4:55  Probe  
  62  5:08  Probe  
  63  5:15  Immortal (Chrono Boost)  
  67  5:24  Nexus  
  67  5:25  Pylon  
  67  5:29  Protoss Ground Weapons Level 1  
  67  5:30  Charge  
  67  5:38  Probe x2  
  69  5:43  Pylon  
  69  5:47  Immortal (Chrono Boost)  
  69  5:51  Shield Battery  
  69  5:53  Probe x2  
  73  6:08  Probe  
  74  6:17  Immortal (Chrono Boost)  
  64  6:20  Adept  
  64  6:21  Adept  
  64  6:23  Probe x2  
  74  6:25  Gateway  
  74  6:26  Gateway  
  73  6:38  Probe x3  
  73  6:39  Gateway  
  76  6:40  Gateway  
  76  6:46  Immortal (Chrono Boost)  
  80  6:51  Templar Archives  
  80  6:52  Probe  
  82  6:59  Stalker  
  82  7:00  Stalker  
  84  7:03  Pylon  
  84  7:04  Probe  
  84  7:05  Probe  
  84  7:07  Probe  
  83  7:16  Probe  
  83  7:18  Probe  
  83  7:19  Probe  
  84  7:28  Probe  
  85  7:30  Gateway, Probe  
  85  7:31  Probe  
  85  7:32  Gateway, Zealot x2  
  85  7:35  Zealot x2  
  89  7:47  Probe  
  89  7:48  Observer (Chrono Boost)  
  86  7:52  Probe  
  86  7:53  Protoss Ground Weapons Level 2 (Chrono Boost), Probe  
  86  7:54  Pylon  
  86  7:55  Assimilator  
  86  7:59  Probe  
  86  8:00  Warp Prism (Chrono Boost)  
  86  8:05  Probe  
  90  8:12  Probe x2  
  92  8:17  Probe  
  93  8:23  Pylon  
  94  8:28  Pylon  
  94  8:31  High Templar x3  
  94  8:34  High Templar  
  101  8:35  Nexus  
  101  8:37  Pylon  
  101  8:38  Pylon, Archon x2  
  101  8:47  Photon Cannon  
  101  8:49  Shield Battery, Probe x2  
  101  8:53  Zealot x4  
  101  8:55  Pylon  
  111  8:58  Probe  
  111  9:02  Probe  
  112  9:11  Probe  
  112  9:13  Pylon  
  113  9:17  High Templar x2  
  113  9:18  Zealot  
  113  9:19  Zealot x5  
  113  9:22  Archon  
  129  9:40  Pylon  
  129  9:41  Zealot  
  129  9:42  Probe  
  130  9:49  Zealot x5  
  140  9:59  Protoss Ground Weapons Level 3 (Chrono Boost)  
  140  10:01  Probe  
  131  10:11  Zealot x8  
  131  10:13  Warp Prism (Chrono Boost)  
  147  10:14  Probe (Chrono Boost)  
  147  10:15  Probe (Chrono Boost)  
  147  10:20  Probe (Chrono Boost)  
  143  10:24  Probe (Chrono Boost)  
  144  10:30  Probe (Chrono Boost)  
  144  10:31  Probe (Chrono Boost)  
  144  10:32  Gateway  
  144  10:34  Gateway  
  144  10:35  High Templar x4  
  151  10:37  Photon Cannon  
  151  10:38  Probe  
  151  10:40  Archon x2  
  151  10:42  High Templar x2  
  156  10:44  Zealot  
  156  10:45  Zealot  
  156  10:47  Photon Cannon  
  156  10:49  Pylon  
  160  10:51  Archon  
  138  11:05  Zealot x2  
  138  11:07  Zealot x2  
  138  11:08  Zealot x2  
  138  11:09  Probe  
  149  11:12  Probe  
  136  11:30  Zealot x10  
  155  11:32  Probe  
  155  11:33  Probe  
  155  11:39  Probe  
  157  11:43  Probe  
  157  11:47  Probe  
  127  11:51  Zealot x4  
  127  11:52  Zealot x6  
  127  12:00  Observer (Chrono Boost)  
  126  12:06  Nexus  
  120  12:13  High Templar x6  
  120  12:14  Zealot x4  
  132  12:17  Archon  
  132  12:18  Archon x2  
  132  12:21  Photon Cannon  
  132  12:24  Photon Cannon  
  128  12:35  Zealot x4  
  136  12:38  Gateway  
  136  12:43  Shield Battery  
  127  12:47  Immortal (Chrono Boost)  
  127  12:56  Zealot x4  
  127  12:57  Zealot x6  
  143  12:59  Protoss Ground Armor Level 1 (Chrono Boost)  
  143  13:05  Probe x2  
  139  13:17  Gateway  
  137  13:23  Zealot x9  
  137  13:24  Zealot  
  155  13:31  Warp Prism (Chrono Boost)  
  153  13:36  Probe  
  153  13:37  Probe  
  153  13:38  Pylon  
  151  13:49  Zealot  
  151  13:50  Zealot x10  
  157  14:00  Observer  
  124  14:12  Zealot x9  
  124  14:13  Zealot x3  
  146  14:22  Warp Prism  
  96  14:34  Zealot  
  96  14:35  Zealot x11  
  122  14:47  Protoss Ground Armor Level 2 (Chrono Boost)  
  122  14:51  Nexus  
  122  14:53  Pylon  
  122  14:55  High Templar x5  
  122  14:56  High Templar, Zealot x5  
  144  15:00  Assimilator  
  144  15:01  Assimilator  
  144  15:03  Archon  
  144  15:04  Archon x2  
  143  15:21  Probe  
  143  15:22  Probe  
  143  15:23  Assimilator  
  143  15:26  Assimilator  
  135  15:45  Zealot x12  
  145  16:01  Observer (Chrono Boost)  
  126  16:05  Zealot  
  126  16:06  Zealot x11  
  126  16:08  Probe  
  108  16:34  High Templar  
  108  16:35  High Templar x3, Zealot  
  108  16:36  Zealot x7  
  108  16:38  Observer (Chrono Boost)  
  108  16:39  Archon  
  131  16:40  Archon  
  131  16:44  Dark Shrine  
  131  16:45  Assimilator  
  131  16:48  Assimilator  
  131  16:52  Probe, Warp Prism (Chrono Boost)  
  136  16:59  High Templar x4  
  142  17:02  Zealot x4  
  142  17:04  Probe  
  141  17:27  Zealot x4  
  141  17:28  Zealot x2  
  149  17:32  Probe  
  149  17:36  Zealot x6  
  158  17:37  Probe x2  
  158  17:50  Archon x2  
  158  17:53  Zealot x6  
  152  18:10  Zealot  
  152  18:11  Zealot x5  
  135  18:13  Zealot x2  
  135  18:14  Zealot x4  
  135  18:15  Probe x4  
  112  18:27  Probe x3  
  112  18:28  Probe  
  114  18:35  High Templar x5  
  114  18:36  High Templar  
  114  18:39  Probe x2  
  116  18:42  Probe  
  111  18:54  High Templar x4  
  111  18:55  Zealot x2  
  109  18:58  Archon  
  109  18:59  Archon  
  109  19:05  Probe  
  109  19:08  Zealot x5  
  120  19:13  Probe  
  121  19:20  Archon x2  
  121  19:21  Archon  
  121  19:31  Nexus, Dark Shrine  

Tags
 
Add a new tag
Caveats
  • Supply blocks, unpowered buildings, or Contaminate may cause inaccurate times.
  • Supply counts are checked every 10 seconds.